 Dungeon Crawl Stone Soup version 0.27-a0-34-gc18c9092ac (webtiles) character file.

Game seed: 4175021001764144452

107 tilp the Sneak (level 4, 0/28 HPs)
             Began as an Octopode Transmuter on Jan 3, 2021.
             Was an Initiate of Gozag.
             Killed from afar by an orc wizard (9 damage)
             ... with a magic dart
             ... on level 3 of the Dungeon on Jan 4, 2021.
             The game lasted 00:06:08 (3304 turns).

tilp the Sneak (Octopode Transmuter)                Turns: 3304, Time: 00:06:08

Health: 0/28       AC:  1    Str:  9    XL:     4   Next: 85%
Magic:  7/7        EV: 13    Int: 22    God:    Gozag
Gold:   204        SH:  4    Dex: 12    Spells: 1/7 levels left

rFire    . . .     SeeInvis .     - Unarmed
rCold    . . .     Faith    .   m - +0 buckler
rNeg     . . .     Spirit   .   (helmet restricted)
rPois    .         Reflect  .   (no amulet)
rElec    .         Harm     .   d - +6 ring of intelligence
rCorr    .         Rampage  .   (no ring)
Will     .....                  (no ring)
Stlth    +++.......             (no ring)
HPRegen  0.09/turn              (no ring)
MPRegen  0.10/turn              (no ring)
                                (no ring)
                                (no ring)

@: no status effects
A: almost no armour, stealthy swim, amphibious, 8 rings, constrict 8, camouflage
1, gelatinous body 1
a: Renounce Religion, Potion Petition, Call Merchant, Bribe Branch


You were on level 3 of the Dungeon.
You worshipped Gozag.
Gozag was aware of your devotion.
You visited 1 branch of the dungeon, and saw 3 of its levels.

You collected 251 gold pieces.
You paid 47 gold pieces to Gozag.

Inventory:

Missiles
 a - 76 stones
 j - 9 poisoned darts (quivered)
Armour
 m - a +0 buckler (worn)
Jewellery
 d - a +6 ring of intelligence (left tentacle)
Scrolls
 g - 2 scrolls of remove curse
 h - a scroll of enchant armour {unknown}
 i - a scroll of fog {unknown}
 o - a scroll of blinking {unknown}
 p - a scroll of enchant weapon {unknown}
 q - a scroll of identify
Potions
 b - 2 potions of haste
 c - 2 potions of mutation
 e - 2 potions of heal wounds
 f - a potion of flight
 k - 3 potions of curing
 l - a potion of lignification {unknown}
 n - 3 potions of brilliance


   Skills:
 - Level 1.0 Fighting
 - Level 2.0 Dodging
 - Level 4.0 Stealth
 + Level 1.4 Shields
 - Level 3.0 Unarmed Combat
 - Level 2.0 Spellcasting
 + Level 2.9 Transmutations
 + Level 1.8 Poison Magic


You had one spell level left.
You knew the following spells:

 Your Spells              Type           Power        Failure   Level
a - Beastly Appendage     Tmut           30%          5%          1
b - Wereblood             Tmut           15%          9%          2
c - Spider Form           Tmut/Pois      6%           22%         3

Your spell library contained the following spells:

 Spells                   Type           Power        Failure   Level
 Ice Form                 Ice/Tmut       8%           71%         4
 Blade Hands              Tmut           7%           83%         5


Dungeon Overview and Level Annotations

Branches:
Dungeon (3/15)

Altars:
Gozag

Annotations:
D:1 flight vault


Innate Abilities, Weirdness & Mutations

You cannot wear most types of armour.
You are very stealthy in the water. (Stealth+)
You are amphibious.
You can wear up to eight rings at the same time.
You can use your tentacles to constrict eight enemies at once.
Your skin changes colour to match your surroundings (Stealth+).
Your rubbery body absorbs attacks. (AC +1, EV +1)


Message History

6 gold pieces; a stone The orc wizard casts a spell.
The orc wizard blinks!
The orc wizard casts a spell.
The orc wizard blinks!
You closely miss the orc wizard. You grab the orc wizard.
You squeeze the orc wizard, but do no damage.
You constrict the orc wizard.
The orc wizard hits you but does no damage.
The orc wizard gestures at you while chanting.
The magic dart hits you.
* * * LOW HITPOINT WARNING * * *
You release your grip on the orc wizard.
The orc wizard barely misses you.
The orc wizard hits you with a +0 dagger.
* * * LOW HITPOINT WARNING * * *
The orc wizard points at you and mumbles some strange words.
The magic dart hits you!
You die...
Your body crumbles into a pile of gold.

##### #...... ###.
.....###.$... ###..
#......>o. ######...##
###.$.....
#.........###########(.....
#.........##......##.......
#.........##.......$.......
#.........#......o##.......
#.........@o....ยง....##."..
#......<...######.#####....
#..........# ####.####.....
#..........###.............
#....#####...##.#).#########
#....####..#.........#
#...............####....#
#(...#########..# ###.#
#....# #######.### .


You could see an orc wizard (fast) and an orc.

Vanquished Creatures
  3 adders
  An ooze (D:2)
  3 worms (D:2)
  2 dart slugs (D:3)
  2 leopard geckos
  2 orcs (D:3)
  2 ball pythons (D:2)
  A giant cockroach (D:3)
  7 hobgoblins
  4 jackals (D:2)
  8 kobolds
  6 bats
  5 frilled lizards
  7 goblins
  6 rats
59 creatures vanquished.

Notes
Turn   | Place    | Note
-------+----------+-------------------------------------------
     0 | D:1      | tilp the Octopode Transmuter began the quest for the Orb.
     0 | D:1      | Reached XP level 1. HP: 13/13 MP: 3/3
   170 | D:1      | Reached skill level 1 in Stealth
   179 | D:1      | Reached skill level 2 in Stealth
   453 | D:1      | Reached XP level 2. HP: 15/18 MP: 3/5
   568 | D:1      | Learned a level 2 spell: Wereblood
   695 | D:1      | You fall into a shaft and drop 1 floor!
   741 | D:2      | Reached skill level 3 in Stealth
   853 | D:2      | Reached XP level 3. HP: 14/23 MP: 4/6
   996 | D:2      | Reached skill level 4 in Stealth
  1000 | D:2      | Learned a level 3 spell: Spider Form
  2186 | D:2      | Found an opulent altar of Gozag.
  2224 | D:2      | Became a worshipper of Gozag Ym Sagoz the Greedy
  2236 | D:2      | Upgraded the game from 0.27-a0-29-g2d0a2396b0 to
                  | 0.27-a0-34-gc18c9092ac
  2330 | D:2      | Reached skill level 1 in Poison Magic
  2330 | D:2      | Reached XP level 4. HP: 21/28 MP: 7/7
  2579 | D:2      | Reached skill level 1 in Shields
  3304 | D:3      | Killed from afar by an orc wizard

Illustrated notes

Levels and vault maps discovered:
D:1:      grunt_arrival_lava_bath, layout_basic, st_stairs_14
D:2:      wad_lake_hut, layout_basic, nicolae_gozag_seed_capital,
          minmay_misc_feat_plants
D:3:      layout_rooms, minmay_rat_hole

Skill      XL: |  1  2  3  4 |
---------------+-------------+-----
Stealth        | 2 3 4 |  4.0
Poison Magic   | 1 |  1.8
Shields        | 1 |  1.4
Fighting       | |  1.0
Dodging        | |  2.0
Unarmed Combat | |  3.0
Spellcasting   | |  2.0
Transmutations | |  2.9

Action                   |  1- 3 |  4- 6 || total
-------------------------+-------+-------++-------
Melee: Unarmed           |    77 |    50 ||   127
       Constrict         |    19 |    16 ||    35
       Kick              |    14 |     8 ||    22
       Tentacles         |     5 |     5 ||    10
       Punch             |     2 |       ||     2
Throw: Stone             |     3 |       ||     3
       Dart              |     6 |       ||     6
 Cast: Beastly Appendage |    25 |     7 ||    32
       Wereblood         |     2 |     4 ||     6
  Use: Scroll            |     5 |     1 ||     6
 Stab: Sleeping          |    12 |     2 ||    14
       Distracted        |       |     1 ||     1
Armor: Skin              |     3 |     5 ||     8
Dodge: Dodged            |    38 |    31 ||    69
Block: Buckler           |     1 |     7 ||     8

Table legend: (Time is in decaauts)
 A = Elapsed time spent in this place.
 B = Non-inter-level travel time spent in this place.
 C = Inter-level travel time spent in this place.
 D = Time resting spent in this place.
 E = Time spent auto-exploring this place.
 F = Levels seen in this place.
 G = Mean time per level.
                   A        B        C        D        E       F      G
               +--------+--------+--------+--------+--------+-----+--------+
         Total |   3300 |   3181 |    119 |    599 |   1816 |   3 | 1100.0 |
       Dungeon |   3300 |   3181 |    119 |    599 |   1816 |   3 | 1100.0 |
               +--------+--------+--------+--------+--------+-----+--------+

Top non-repeatable levels by time:
     D:2: 1670 daAuts
     D:1: 1349 daAuts
     D:3: 280 daAuts
